 Dungeon Crawl Stone Soup version 0.30-a0-937-ga0a21ad780 (webtiles) character file.

Game seed: 16059770155531585080

64 octoduck the Slasher (level 3, -1/27 HPs)
             Began as a Demonspawn Gladiator on Mar 24, 2023.
             Was a Believer of Cheibriados.
             Slain by Edmund
             ... wielding a +4 flail of protection
              (14 damage)
             ... on level 4 of the Dungeon.
             The game lasted 00:06:25 (3140 turns).

octoduck the Slasher (Demonspawn Gladiator)         Turns: 3140, Time: 00:06:27

Health: -1/27      AC:  7    Str: 18    XL:     3   Next: 91%
Magic:  3/3        EV: 12    Int: 13    God:    Cheibriados [**....]
Gold:   189        SH:  0    Dex: 20    Spells: 2/2 levels left

rFire   + . .      SeeInvis .    a - +0 long sword
rCold   . . .      Faith    .    (no shield)
rNeg    + . .      Spirit   .    g - +0 ring mail
rPois   .          Reflect  .    (helmet restricted)
rElec   .          Rampage  .    u - +0 cloak
rCorr   .                        (no gloves)
Will    .....                    (no boots)
Stlth   +                        (no amulet)
HPRegen 0.24/turn                o - ring of protection from fire
MPRegen 0.08/turn                f - ring of positive energy

@: very slow
A: antennae 1, sharp scales 1
a: Renounce Religion, Bend Time


You were on level 4 of the Dungeon.
You worshipped Cheibriados.
Cheibriados was pleased with you.
You visited 1 branch of the dungeon, and saw 4 of its levels.

You collected 189 gold pieces.

Inventory:

Hand Weapons
 a - a +0 long sword (weapon)
Missiles
 d - 3 throwing nets (quivered)
 e - a javelin
Armour
 b - a +0 leather armour
 c - a +0 helmet
 g - a +0 ring mail (worn)
 s - a +0 scale mail
 u - a +0 cloak (worn)
Jewellery
 f - a ring of positive energy (right hand)
 m - a ring of wizardry
 o - a ring of protection from fire (left hand)
Wands
 y - a wand of digging (8)
Scrolls
 i - a scroll of vulnerability
 l - a scroll of magic mapping {unknown}
 n - a scroll of noise {unknown}
 p - a scroll of enchant weapon {unknown}
 r - a scroll of enchant armour {unknown}
 w - a scroll of blinking {unknown}
 x - a scroll of amnesia {unknown}
Potions
 h - a potion of heal wounds {unknown}
 j - 2 potions of brilliance
 k - 2 potions of flight
 q - 2 potions of attraction
 t - a potion of magic {unknown}
 v - a potion of ambrosia {unknown}
 A - a potion of curing {unknown}


   Skills:
 - Level 2.0 Fighting
 + Level 4.3 Long Blades
 - Level 1.7 Throwing
 - Level 2.6 Dodging
 + Level 0.4 Stealth


You had 2 spell levels left.
You didn't know any spells.
Your spell library contained the following spells:

 Spells                   Type           Power      Damage    Failure   Level
 Chain Lightning          Conj/Air       0%         N/A       100%        9
 Fire Storm               Conj/Fire      0%         5d1       100%        9
 Shatter                  Erth           0%         3d5*      100%        9


Dungeon Overview and Level Annotations

Branches:
Dungeon (4/15)
 Temple: D:4-7

Altars:
Cheibriados
Nemelex Xobeh
Yredelemnul

Annotations:
D:2 Ijyb
D:4 Dowan, Duvessa, Edmund


Innate Abilities, Weirdness & Mutations

You have a pair of small antennae on your head.
You are partially covered in razor-sharp scales. (AC +1, Slay +1)


Message History

Done exploring.
As you read the scroll of identify, it crumbles to dust.
j - 2 potions of brilliance
As you read the scroll labelled YMMUECUIPH, it crumbles to dust.
Magic quickly surges around you.
It was a scroll of vulnerability.
Okay, then.
There is a stone staircase leading down here.
You start waiting.
You feel your willpower return.
You climb downwards.
There is a stone staircase leading up here.
Found a whip.
Duvessa, Sister of Dowan comes into view.
She is wielding a +0 short sword.
There is a stone staircase leading up here.
Duvessa barely misses you.
You climb upwards.
There is a stone staircase leading down here.
There is an open door here.
There is a stone staircase leading down here.
You climb downwards.
Level annotation: Duvessa
There is a stone staircase leading up here.
There is a stone staircase leading up here.
You now have 189 gold pieces (gained 15).
Dowan, Brother of Duvessa comes into view.
He is wielding a +0 dagger.
Okay, then.
There is a stone staircase leading up here.
Found 12 gold pieces and a robe.
Edmund the Younger comes into view.
He is wielding a +4 flail of protection.
Found 14 gold pieces.
Edmund shouts!
You see here 12 gold pieces.
Edmund says, "Everyone always remembers my brother. 'Who's Edmund?' they ask!"
Edmund attacks as you move away! Edmund barely misses you.
Edmund hits you with a +4 flail of protection!
Ouch! That really hurt!
Edmund attacks as you move away!
Edmund hits you with a +4 flail of protection!
Ouch! That really hurt!
You die...

### .# #.#.# #
#.. e.###.#.# #.
#.# ........###
##.##.##.#
#......
.......#[######.
######.
#.$$........ #.
#.##.##.######
#.
.......@########
#.
####....@......#
#. ###########<#
#. #.# #.
#.#########.
#...........
############


You could see Edmund.

Vanquished Creatures
  An adder (D:2)
  2 worms (D:2)
  2 dart slugs
  5 endoplasms
  2 giant cockroaches
  4 goblins
  7 hobgoblins
  A quokka (D:2)
  3 ball pythons
  3 bats
  A frilled lizard (D:2)
  6 kobolds
  6 rats
43 creatures vanquished.

Vanquished Creatures (others)
  3 fungi (D:2)
  3 toadstools (D:2)
6 creatures vanquished.

Grand Total: 49 creatures vanquished

Notes
Turn   | Place    | Note
-------+----------+-------------------------------------------
     0 | D:1      | octoduck the Demonspawn Gladiator began the quest for the
                  | Orb.
     0 | D:1      | Reached XP level 1. HP: 16/16 MP: 1/1
   219 | D:1      | Reached skill level 3 in Long Blades
   416 | D:1      | Gained mutation: You are partially covered in razor-sharp
                  | scales. (AC +1, Slay +1) [demonic ancestry]
   416 | D:1      | Reached XP level 2. HP: 19/22 MP: 2/2
  1009 | D:1      | Found a faded altar of an unknown god.
  1020 | D:1      | Prayed at the altar of an unknown god.
  1020 | D:1      | Became a worshipper of Cheibriados the Contemplative
  1020 | D:1      | Reached * piety under Cheibriados
  1272 | D:2      | Gained mutation: You have a pair of small antennae on your
                  | head. [demonic ancestry]
  1272 | D:2      | Reached XP level 3. HP: 27/27 MP: 3/3
  1367 | D:2      | Reached skill level 4 in Long Blades
  2220 | D:3      | Reached ** piety under Cheibriados
  2221 | D:3      | Noticed Ijyb
  2221 | D:3      | Paralysed by Ijyb for 2 turns
  2224 | D:3      | Paralysed by Ijyb for 5 turns
  2233 | D:2      | Paralysed by Ijyb for 4 turns
  2240 | D:2      | Paralysed by Ijyb for 2 turns
  2244 | D:2      | Paralysed by Ijyb for 5 turns
  2324 | D:3      | Found a basalt altar of Yredelemnul.
  2709 | D:3      | Found a sparkling altar of Nemelex Xobeh.
  3025 | D:4      | Noticed Duvessa
  3105 | D:4      | Noticed Dowan
  3135 | D:4      | Noticed Edmund
  3140 | D:4      | Slain by Edmund

Illustrated notes

Levels and vault maps discovered:
D:1:      dpeg_arrival_tiny_a, layout_loops_corners,
          dilly_ecumenical_altar_fadedgnrine, st_stairs_12,
          minmay_stone_trees_small, roderic_cross_of_infinity
D:2:      layout_loops_ring, minmay_gold_behind_fungi,
          chequers_serial_rivers_small_3, hangedman_decor_riveting
D:3:      layout_basic, mainiacjoe_overflow_paths, mainiacjoe_overflow_alcove_1,
          uniq_ijyb
D:4:      layout_loops_ring, nicolae_ru_awakened_eye, marbit_many_paths,
          gammafunk_temple_overflow_statue, uniq_duvessa, uniq_robin,
          uniq_blork_the_orc, uniq_edmund

Skill      XL: |  1  2  3 |
---------------+----------+-----
Long Blades    | 3 4 |  4.3
Fighting       | |  2.0
Throwing       | |  1.7
Dodging        | |  2.6
Stealth        | |  0.4

Action                     || total
---------------------------++-------
  Melee: Long sword        ||   131
         Punch             ||     2
    Use: Scroll            ||     7
 Armour: Leather armour    ||    22
         Scale mail        ||    17
         Ring mail         ||     4
  Dodge: Dodged            ||    86

Table legend: (Time is in decaauts)
 A = Elapsed time spent in this place.
 B = Non-inter-level travel time spent in this place.
 C = Inter-level travel time spent in this place.
 D = Time resting spent in this place.
 E = Time spent auto-exploring this place.
 F = Levels seen in this place.
 G = Mean time per level.
                   A        B        C        D        E       F      G
               +--------+--------+--------+--------+--------+-----+--------+
         Total |   3933 |   3515 |    418 |    273 |   2387 |   4 |  983.2 |
       Dungeon |   3933 |   3515 |    418 |    273 |   2387 |   4 |  983.2 |
               +--------+--------+--------+--------+--------+-----+--------+

Top non-repeatable levels by time:
     D:2: 1410 daAuts
     D:3: 1234 daAuts
     D:1: 1168 daAuts
     D:4: 119 daAuts
